 Dungeon Crawl Stone Soup version 0.24.0-125-gc4c63601f3 (webtiles) character file.

Game seed: 211542745013664851, levelgen mode: deterministic

73369 LordColdy the Blocker (level 15, -3/157 HPs)
             Began as a Minotaur Berserker on Feb 28, 2020.
             Was a High Priest of Trog.
             Killed by divine providence
             ... invoked by a balrug
              (15 damage)
             ... on level 2 of the Abyss.
             The game lasted 01:25:57 (23632 turns).

LordColdy the Blocker (Minotaur Berserker)         Turns: 23632, Time: 01:25:57

Health: -3/157     AC: 15    Str: 34    XL:     15   Next: 3%
Magic:  15/15      EV: 11    Int:  4    God:    Trog [*****.]
Gold:   774        SH: 33    Dex: 12    Spells: 14/14 levels left

rFire    . . .     SeeInvis .   d - +6 whip of Gallantry {slash, +Rage rElec rF- Str+5}
rCold    . . .     Gourm    .   E - +18 shield of the Gong {rElec rN+ MR+ EV-5}
rNeg     + + .     Faith    .   a - +4 scale mail {rN+}
rPois    .         Spirit   .   (helmet restricted)
rElec    +         Reflect  .   C - +0 cloak
rCorr    .         Harm     .   f - +0 pair of gloves
MR       ++...     Rnd*Rage +   (no boots)
Stlth    ..........             (no amulet)
HPRegen  0.36/turn              n - ring of protection from fire
MPRegen  0.14/turn              h - +3 ring of strength

@: about to teleport, studying Polearms
A: retaliatory headbutt, horns 2, rugged brown scales 1, berserk 1, [deformed
body], [low mp 1], robust 1, [screaming 2]
a: Berserk, Trog's Hand, Brothers in Arms, Renounce Religion, Evoke Berserk Rage


You were on level 2 of the Abyss.
You worshipped Trog.
Trog was extremely pleased with you.
You were hungry.

You visited 4 branches of the dungeon, and saw 22 of its levels.
You visited the Abyss 1 time.

You collected 2213 gold pieces.
You spent 1439 gold pieces at shops.

Inventory:

Hand Weapons
 d - the +6 whip of Gallantry (weapon) {slash, +Rage rElec rF- Str+5}
   (You found it on level 8 of the Dungeon)

   It inflicts extra damage upon your enemies.
   It affects your strength (+5).
   It makes you vulnerable to fire.
   It insulates you from electricity.
   It lets you go berserk.
 l - a +3 antimagic great mace
 y - a +4 flail of freezing
 K - a +1 great mace of protection
 L - a +3 antimagic mace
Armour
 a - a +4 scale mail of positive energy (worn)
 f - a +0 pair of gloves (worn)
 z - a +4 scale mail of magic resistance
 C - a +0 cloak (worn)
 E - the +18 shield of the Gong (worn) {rElec rN+ MR+ EV-5}
   (You bought it in a shop on level 4 of the Dungeon)

   It affects your evasion (-5).
   It insulates you from electricity.
   It protects you from negative energy.
   It affects your resistance to hostile enchantments.
Jewellery
 h - a +3 ring of strength (right hand)
 n - a ring of protection from fire (left hand)
 p - an uncursed ring of poison resistance
 t - an uncursed ring of positive energy
 A - an uncursed ring of positive energy
Wands
 s - a wand of paralysis (26)
 x - a wand of flame (30)
 F - a wand of polymorph (16)
 H - a wand of iceblast (25)
 J - a wand of acid (10)
Scrolls
 e - 6 scrolls of teleportation
 g - 19 scrolls of identify
 i - 4 scrolls of remove curse
 j - 2 scrolls of amnesia
 q - 4 scrolls of immolation
 r - 3 scrolls of enchant armour
 v - 2 scrolls of enchant weapon
 w - 5 scrolls of magic mapping
 G - 2 scrolls of fear
 M - a scroll of blinking {unknown}
Potions
 b - 3 potions of haste
 k - 2 potions of heal wounds
 m - 13 potions of curing
 o - 4 potions of brilliance
 u - a potion of resistance
 B - 2 potions of might
 I - a potion of ambrosia
Books
 D - a manual of Polearms
Comestibles
 c - 35 rations


   Skills:
 - Level 14.6 Fighting
 - Level 14.0 Maces & Flails
 - Level 14.5 Armour
 - Level 10.8 Dodging
 * Level 14.9 Shields
 - Level 5.0 Evocations


You had 14 spell levels left.
You didn't know any spells.
Your spell library was empty.

Dungeon Overview and Level Annotations

Branches:
Dungeon (14/15)            Temple (0/1) D:5            Lair (5/6) D:9
  Swamp (0/4) Lair:4       Spider (1/4) Lair:2        Slime (0/5) Lair:5
    Orc (2/2) D:9             Elf (0/3) Orc:2        Vaults (0/5) D:13

Altars:
Ashenzari
Gozag
Makhleb
Nemelex Xobeh
Ru
Sif Muna
Uskayaw
Vehumet
Wu Jian
Xom
Zin
The Shining One
Jiyva

Shops:
D:4 [   D:7 }   D:8 (   D:9 %   Orc:2 }!!:

Annotations:
D:14 Roxanne


Innate Abilities, Weirdness & Mutations

You reflexively headbutt those who attack you in melee.
You have a pair of horns on your head.
You are partially covered in rugged brown scales. (AC +1, +3% HP)
You tend to lose your temper in combat.
You are robust. (+10% HP)
[Armour fits poorly on your strangely shaped body.]
[Your magical capacity is low. (-10% MP)]
[You sometimes yell uncontrollably at your foes.]


Message History

You are engulfed in a cloud of scalding steam.
* * * LOW HITPOINT WARNING * * *
The balrug gestures at you. Something smites you!
* * * LOW HITPOINT WARNING * * *
A tentacled starspawn comes into view.
You block the smoke demon's attack.
BOUMMMMG!
You block the smoke demon's attack.
PTOANNNG!
The smoke demon hits you.
* * * LOW HITPOINT WARNING * * *
The balrug gestures at you. Something smites you!
* * * LOW HITPOINT WARNING * * *
The chaos spawn ululates chillingly with its many mouths.
You recover from your berserk rage.
The balrug gestures at you. Something smites you!
You die...

##..#≈#..##
####.4≈.≈≈###
###xx♣≈..≈.. #
##.≈≈≈2≈≈≈♣≈≈ #.#
#x3.≈≈≈≈≈≈≈≈ ≈
#..##D≈≈≈#.#≈≈≈≈≈
#......##≈.#≈≈≈≈
#.#.#§≈#≈≈#≈≈≈≈
#.X..@#≈≈≈#.≈
#..##.%#....§§
#.[ #..#......
#.. .###.....# #.
.# .####. #. . ..


You could see a bone dragon, a tentacled starspawn, a balrug, a smoke demon, a
chaos spawn and 3 small abominations.

Vanquished Creatures
  Frances (D:14)
  Kirke (D:13)
  The ghost of Jabberih the Arsonist, a journeyman DrFE of Vehumet (Lair:5)
  Snorg (D:14)
  A fire dragon (D:13)
  Harold (D:7)
  7 hydras
  6 vault guards (D:13)
  A centaur warrior (D:12)
  2 death knights
  A deep troll earth mage (D:13)
  4 two-headed ogres
  2 tengu warriors
  2 sun demons (Abyss:2)
  4 unseen horrors
  2 orc knights
  A deep elf mage (D:13)
  5 ugly things
  An orc sorcerer (Orc:1)
  6 cyclopes
  A manticore (D:13)
  4 elephants (Lair:5)
  Psyche (D:10)
  14 spiny frogs
  5 black mambas
  3 centaur skeletons
  2 gargoyles (D:13)
  2 rime drakes (Lair:5)
  2 freezing wraiths (D:14)
  5 komodo dragons
  A yaktaur (D:13)
  4 trolls
  The ghost of Amplified the Chopper, an amateur MiFE of Zin (D:4)
  A hornet (Lair:2)
  Prince Ribbit (D:7)
  13 blink frogs
  A polar bear (Lair:5)
  A slime creature (D:13)
  2 bog bodies (Lair:4)
  2 raiju (Abyss:2)
  10 hippogriffs
  3 wyverns
  43 yaks
  2 shadows
  2 basilisks
  2 small abominations (Abyss:2)
  3 hungry ghosts
  3 hogs (D:13)
  A neqoxec (Abyss:2)
  Edmund (D:5)
  Menkaure (D:7)
  A soldier ant (D:10)
  11 porcupines
  2 acid dragons (D:13)
  4 water moccasins
  24 orc warriors
  6 ice beasts
  4 black bears
  3 sky beasts
  An eye of draining (D:13)
  9 ogres
  19 centaurs
  2 necrophages
  An ogre (shapeshifter) (D:13)
  A phantom (D:7)
  9 wolves
  8 crocodiles
  2 big kobolds
  Blork the orc (D:6)
  22 bullfrogs
  2 wyvern zombies
  A water moccasin skeleton (D:11)
  8 scorpions
  3 killer bees (D:13)
  4 wights (D:11)
  A howler monkey (D:11)
  3 electric eels (D:5)
  5 crimson imps
  3 bullfrog zombies
  10 hounds
  5 jellies
  3 bullfrog skeletons
  9 orc priests
  22 orc wizards
  Jessica (D:3)
  4 iguanas
  Ijyb (D:3)
  15 worker ants
  A hound skeleton (D:4)
  A worker ant zombie (D:5)
  A howler monkey skeleton (D:4)
  20 adders
  A shadow imp (D:13)
  6 oozes
  An adder skeleton (D:9)
  An adder zombie (D:6)
  5 worms
  2 dart slugs (D:1)
  2 leopard geckos
  55 orcs
  8 giant cockroaches
  15 goblins
  12 hobgoblins
  10 jackals
  8 quokkas
  6 bats
  6 frilled lizards
  14 kobolds
  A quokka skeleton (D:8)
  19 rats
612 creatures vanquished.

Vanquished Creatures (collateral kills)
  A rakshasa (D:13)
  2 vault guards (D:13)
  A hydra (Lair:4)
  A skeletal warrior (D:14)
  2 orc knights (Orc:2)
  2 cyclopes (D:13)
  2 elephants (Lair:5)
  A manticore (D:14)
  An efreet (D:13)
  2 raiju (Abyss:2)
  2 yaks (Lair:3)
  A hog (D:13)
  An acid dragon (D:13)
  4 orc warriors (Orc:2)
  2 bullfrogs
  A bullfrog zombie (D:13)
  An iguana (D:13)
  2 worker ants (D:13)
  2 orcs (Orc:2)
  4 starspawn tentacles (Abyss:2)
35 creatures vanquished.

Vanquished Creatures (others)
  An unseen horror (D:13)
  5 dream sheep (Lair:2)
  A human (D:13)
  A big kobold (D:13)
  A killer bee (D:13)
  A wyvern simulacrum (D:13)
  A bullfrog skeleton (D:13)
  A shadow imp (D:13)
  2 orcs (Orc:2)
  A bush (Lair:1)
  29 fungi
  25 plants
  6 starspawn tentacles (Abyss:2)
75 creatures vanquished.

Grand Total: 722 creatures vanquished

Notes
Turn   | Place    | Note
-------+----------+-------------------------------------------
     0 | D:1      | LordColdy the Minotaur Berserker began the quest for the
                  | Orb.
     0 | D:1      | Reached XP level 1. HP: 19/19 MP: 0/0
    22 | D:1      | Reached XP level 2. HP: 21/26 MP: 1/1
   444 | D:1      | Reached skill level 5 in Maces & Flails
   452 | D:1      | Reached ** piety under Trog
   454 | D:1      | Reached XP level 3. HP: 31/31 MP: 2/2
   997 | D:2      | Reached XP level 4. HP: 33/39 MP: 3/3
  1912 | D:3      | Reached *** piety under Trog
  1953 | D:3      | Noticed Jessica
  1956 | D:3      | Noticed a centaur
  1960 | D:3      | Killed Jessica
  1961 | D:3      | Killed a centaur
  1961 | D:3      | Reached XP level 5. HP: 13/45 MP: 4/4
  2553 | D:3      | Reached XP level 6. HP: 43/51 MP: 5/5
  2868 | D:3      | Noticed Ijyb
  2883 | D:3      | Paralysed by Ijyb for 2 turns
  2887 | D:3      | Killed Ijyb
  3100 | D:4      | Found a runed translucent door.
  3104 | D:4      | Noticed Amplified's ghost (amateur MiFE)
  3193 | D:4      | Found Cepasm's Armour Shop.
  3634 | D:5      | Entered Level 5 of the Dungeon
  3634 | D:5      | Found a transporter.
  3653 | D:5      | Found a transporter.
  3659 | D:5      | Reached skill level 1 in Evocations
  3659 | D:5      | Reached XP level 7. HP: 55/57 MP: 6/6
  3697 | D:5      | Found a staircase to the Ecumenical Temple.
  3800 | D:5      | Reached **** piety under Trog
  3868 | D:5      | Noticed Edmund
  3896 | D:5      | Killed Edmund
  4083 | D:5      | Reached skill level 10 in Maces & Flails
  4672 | D:5      | Reached XP level 8. HP: 45/64 MP: 9/9
  4867 | D:6      | Found a glowing golden altar of the Shining One.
  4892 | D:6      | Noticed Blork the orc
  4904 | D:6      | Killed Blork the orc
  5582 | D:6      | Reached skill level 5 in Fighting
  5729 | D:4      | Killed Amplified's ghost
  5729 | D:4      | Reached XP level 9. HP: 74/74 MP: 11/11
  5798 | D:7      | Found Avuleime's Gadget Shoppe.
  5914 | D:7      | Noticed Menkaure
  5920 | D:7      | Killed Menkaure
  6046 | D:7      | Noticed Prince Ribbit
  6054 | D:7      | Killed Prince Ribbit
  6054 | D:7      | Reached skill level 5 in Evocations
  6147 | D:7      | Found an opulent altar of Gozag.
  6213 | D:7      | Reached skill level 5 in Armour
  6271 | D:7      | Noticed Harold
  6285 | D:7      | Killed Harold
  6309 | D:7      | Reached ***** piety under Trog
  6829 | D:7      | Found a radiant altar of Vehumet.
  6964 | D:8      | Found Zaisoemi's Antique Weapon Shoppe.
  6975 | D:8      | Reached XP level 10. HP: 84/86 MP: 12/12
  7055 | D:8      | Found a burning altar of Makhleb.
  7121 | D:8      | Got a scorched whip
  7122 | D:8      | Identified the +6 whip of Gallantry {slash, +Rage rElec rF-
                  | Str+5} (You found it on level 8 of the Dungeon)
  7479 | D:8      | Found a shattered altar of Ashenzari.
  7494 | D:8      | Found a sparkling altar of Nemelex Xobeh.
  7546 | D:8      | Found a sacrificial altar of Ru.
  7549 | D:8      | Found a hide-covered altar of Uskayaw.
  7552 | D:8      | Found a shimmering blue altar of Sif Muna.
  7682 | D:9      | Found Ahax's Food Emporium.
  7886 | D:9      | Found a staircase to the Lair.
  7896 | D:9      | Noticed a two-headed ogre
  7916 | D:9      | Killed a two-headed ogre
  8355 | D:9      | Found a glowing golden altar of the Shining One.
  8440 | D:9      | Found a staircase to the Orcish Mines.
  8551 | D:9      | Found a glowing silver altar of Zin.
  8552 | D:9      | Noticed an angel
  8888 | Lair:1   | Entered Level 1 of the Lair of Beasts
  8894 | Lair:1   | Noticed a black mamba
  8904 | Lair:1   | Killed a black mamba
  8972 | Lair:1   | Reached XP level 11. HP: 87/99 MP: 10/13
  9180 | Lair:1   | Reached skill level 10 in Fighting
  9268 | Lair:1   | Received a gift from Trog
  9268 | Lair:1   | Reached skill level 10 in Armour
  9844 | Lair:1   | Reached skill level 5 in Dodging
 10243 | Lair:2   | Found a hole to the Spider Nest.
 10514 | Spider:1 | Entered Level 1 of the Spider Nest
 10717 | Lair:2   | Found a shimmering altar of Xom.
 10898 | Lair:2   | Reached XP level 12. HP: 94/111 MP: 10/14
 11739 | Lair:3   | Noticed a five-headed hydra
 11759 | Lair:3   | Killed an eight-headed hydra
 12470 | Lair:4   | Noticed a five-headed hydra
 12476 | Lair:4   | Killed a five-headed hydra
 12578 | Lair:4   | Found a staircase to the Swamp.
 13136 | Lair:5   | Noticed a four-headed hydra
 13164 | Lair:5   | Killed a four-headed hydra
 13377 | Lair:5   | Found a staircase to the Slime Pits.
 13377 | Lair:5   | Found a viscous altar of Jiyva.
 13738 | Lair:5   | Found a large runed translucent door.
 13766 | Lair:5   | Reached XP level 13. HP: 118/122 MP: 13/15
 13946 | Lair:5   | Found a large runed translucent door.
 13964 | Lair:5   | Noticed Jabberih's ghost (journeyman DrFE)
 14339 | Lair:5   | Killed Jabberih's ghost
 14339 | Lair:5   | Reached skill level 10 in Dodging
 14451 | Orc:1    | Entered Level 1 of the Orcish Mines
 14941 | Orc:2    | Entered Level 2 of the Orcish Mines
 16421 | Orc:2    | Found a staircase to the Elven Halls.
 16610 | Orc:2    | Found Noicunt's Distillery.
 16610 | Orc:2    | Found Uwesa's Distillery.
 16612 | Orc:2    | Found Fazujem's Book Emporium.
 16614 | Orc:2    | Found Icuzal's Gadget Boutique.
 16869 | D:10     | Entered Level 10 of the Dungeon
 16938 | D:10     | Received a gift from Trog
 16947 | D:10     | Gained mutation: You are weak. (Str -2) [potion of
                  | mutation]
 16947 | D:10     | Gained mutation: You have a pair of large horns on your
                  | head. [potion of mutation]
 16947 | D:10     | Gained mutation: Your spells are a little harder to cast,
                  | but a little more powerful. [potion of mutation]
 17063 | D:10     | Noticed Psyche
 17071 | D:10     | Killed Psyche
 17341 | Orc:2    | Bought a potion of mutation for 136 gold pieces
 17341 | Orc:2    | Lost mutation: You are weak. (Str -2) [potion of mutation]
 17341 | Orc:2    | Lost mutation: You have a pair of large horns on your head.
                  | [potion of mutation]
 17341 | Orc:2    | Lost mutation: Your spells are a little harder to cast, but
                  | a little more powerful. [potion of mutation]
 17341 | Orc:2    | Gained mutation: You are resistant to electric shocks.
                  | (rElec) [potion of mutation]
 17341 | Orc:2    | Gained mutation: You are agile. (Dex +2) [potion of
                  | mutation]
 17341 | Orc:2    | Gained mutation: Your body sometimes deteriorates upon
                  | taking damage. [potion of mutation]
 17341 | Orc:2    | Gained mutation: You are partially covered in rugged brown
                  | scales. (AC +1, +3% HP) [potion of mutation]
 17342 | Orc:2    | Bought a potion of mutation for 136 gold pieces
 17342 | Orc:2    | Lost mutation: Your body sometimes deteriorates upon taking
                  | damage. [potion of mutation]
 17342 | Orc:2    | Lost mutation: You are agile. (Dex +2) [potion of mutation]
 17342 | Orc:2    | Lost mutation: You are resistant to electric shocks.
                  | (rElec) [potion of mutation]
 17342 | Orc:2    | Gained mutation: You tend to lose your temper in combat.
                  | [potion of mutation]
 17342 | Orc:2    | Gained mutation: You are robust. (+10% HP) [potion of
                  | mutation]
 17851 | D:4      | Bought the +18 shield of the Gong {rElec rN+ MR+ EV-5} for
                  | 1167 gold pieces
 17851 | D:4      | Found the +18 shield of the Gong {rElec rN+ MR+ EV-5}
 18035 | D:11     | Reached skill level 1 in Shields
 18475 | D:11     | Found a hide-covered altar of Uskayaw.
 18982 | D:12     | Reached skill level 5 in Shields
 19061 | D:12     | Found a gate leading to a gauntlet.
 19572 | D:12     | Reached ****** piety under Trog
 20023 | D:13     | Found an ornate altar of the Wu Jian Council.
 20154 | D:13     | Received a gift from Trog
 20183 | D:13     | Reached XP level 14. HP: 150/150 MP: 16/16
 20808 | D:13     | Reached skill level 10 in Shields
 20842 | D:13     | Noticed Kirke
 21373 | D:13     | Found a gate to the Vaults.
 21568 | D:13     | Killed Kirke
 22586 | D:14     | Noticed Frances
 22614 | D:14     | Killed Frances
 22627 | D:14     | Noticed Snorg
 22651 | D:14     | Killed Snorg
 22698 | D:14     | Found a burning altar of Makhleb.
 22731 | D:14     | Identified Roxanne's Disquisition on Stones
 22731 | D:14     | Noticed Roxanne
 22751 | D:14     | Received a gift from Trog
 23335 | D:14     | Cast into level 2 of the Abyss (a wizard)
 23372 | Abyss:2  | Reached XP level 15. HP: 157/157 MP: 17/17
 23374 | Abyss:2  | Found a hazy altar of Hepliaklqana.
 23423 | Abyss:2  | Noticed a tentacled starspawn
 23429 | Abyss:2  | Noticed a tentacled starspawn
 23583 | Abyss:2  | Noticed a bone dragon
 23629 | Abyss:2  | Noticed a tentacled starspawn
 23632 | Abyss:2  | Killed from afar by a balrug

Levels and vault maps discovered:
D:1:      erik_arrival_orb_chamber, layout_rooms
D:2:      layout_basic
D:3:      kennysheep_goblin_castle, layout_rooms, uniq_jessica
D:4:      layout_loops_cross, serial_shops,
          nicolae_shop_competitors_out_of_business, ebering_ghost_sewer_d
D:5:      gammafunk_steamed_eel, layout_gridville, temple_green, first_ration,
          uniq_edmund
D:6:      layout_rooms, overflow_temple_1_default, uniq_blork_the_orc
D:7:      layout_basic, kennysheep_mini, grunt_gozag_breadcrumbs, serial_shops,
          nicolae_shop_stone, uniq_prince_ribbit1, uniq_harold, uniq_menkaure
D:8:      layout_basic, grunt_temple_overflow_diamond, minitemple, serial_shops,
          nicolae_shop_window_shopping, bloody_makhleb
D:9:      layout_basic, zin_angel, due_lair_maze_entry_diamond, basic_altar,
          serial_shops, shop
D:10:     layout_basic, uniq_psyche
D:11:     layout_stronghold, basic_altar
D:12:     layout_basic, gauntlet_entry_generic
D:13:     minmay_the_grid_square_5x5_5x5 [minmay_the_grid_square_5x5_percent,
          minmay_the_grid_square_5x5_two_walls_a,
          minmay_the_grid_square_5x5_hourglass,
          minmay_the_grid_square_5x5_hollow_slash,
          minmay_the_grid_square_5x5_longway,
          minmay_the_grid_square_5x5_trominoes,
          minmay_the_grid_square_5x5_prize_snowflake,
          minmay_the_grid_square_5x5_lines,
          minmay_the_grid_square_5x5_prize_pseudospiral,
          minmay_the_grid_square_5x5_one_wall,
          minmay_the_grid_square_5x5_corner,
          minmay_the_grid_square_5x5_eight_small,
          minmay_the_grid_square_5x5_prize_monsterx,
          minmay_the_grid_square_5x5_c, minmay_the_grid_square_5x5_tri_point,
          minmay_the_grid_square_5x5_plus,
          minmay_the_grid_square_5x5_prize_open,
          minmay_the_grid_square_5x5_shrine2,
          minmay_the_grid_square_5x5_prize_open, minmay_the_grid_square_5x5_tie,
          minmay_the_grid_square_5x5_z, minmay_the_grid_square_5x5_shuriken,
          minmay_the_grid_square_5x5_three,
          minmay_the_grid_square_5x5_misaligned,
          minmay_the_grid_square_5x5_two_walls_b], layout_loops_ring,
          erik_vaults_2, basic_altar, hangedman_little_slice_of_home, uniq_kirke
D:14:     layout_roguey, chequers_serial_rivers_micro_a, basic_altar,
          chequers_garden, uniq_roxanne, uniq_frances, uniq_snorg
Lair:1:   minmay_lair_venomous_thicket, layout_cave_pods
Lair:2:   layout_chaotic_city, nicolae_spider_entry_non_spiders,
          nicolae_volcano_entry_s_turn, chequers_serial_rivers_micro_b,
          kb_xom_exploding_sheep, grunt_megastairs_1, lemuel_fruit_tree
Lair:3:   layout_regular_city
Lair:4:   layout_regular_city, skrybe_swamp_entry_bodies, grunt_megastairs_3
Lair:5:   layout_gridlike, slime_altar_1, ebering_ghost_disaster_area,
          minmay_lair_drake_nest
Spider:1: layout_spider_delve, nicolae_spider_ant_collections
Orc:1:    layout_caves
Orc:2:    st_orc_rangers, layout_caves
Abyss:2:  base: D:4, hangedman_abyss_sting

Skill      XL: |  1  2  3  4  5  6  7  8  9 10 11 12 13 14 |
---------------+-------------------------------------------+-----
Maces & Flails | 4 5 6 7 8 9 10 11 13 14 | 14.0
Evocations     | 1 3 4 5 |  5.0
Fighting       | 5 7 9 11 13 14 | 14.6
Armour         | 4 6 9 11 13 14 | 14.5
Dodging        | 3 7 9 10 | 10.8
Shields        | 7 14 | 14.9

Action                   |  1- 3 |  4- 6 |  7- 9 | 10-12 | 13-15 || total
-------------------------+-------+-------+-------+-------+-------++-------
Melee: Mace              |    97 |   156 |    36 |       |       ||   289
       Headbutt          |    14 |    22 |    43 |   167 |   317 ||   563
       Flail             |       |       |   170 |     1 |       ||   171
       Whip              |       |       |       |   598 |  1025 ||  1623
Invok: Berserk           |       |     1 |     3 |     2 |     1 ||     7
       Brothers in Arms  |       |       |       |     3 |    13 ||    16
Evoke: Wand              |       |       |     8 |     6 |     7 ||    21
  Use: Scroll            |       |     2 |    10 |     3 |     9 ||    24
       Potion            |       |     1 |     3 |     3 |    12 ||    19
 Stab: Invisible         |       |       |       |       |     4 ||     4
       Distracted        |       |       |       |       |     1 ||     1
  Eat: Chunk             |       |    10 |     7 |    17 |    18 ||    52
       Ration            |       |       |     2 |     2 |     6 ||    10
Armor: Animal skin       |    13 |       |       |       |       ||    13
       Ring mail         |    11 |    15 |       |       |       ||    26
       Chain mail        |       |    76 |    10 |       |       ||    86
       Scale mail        |       |       |    66 |   126 |   227 ||   419
Dodge: Dodged            |    61 |    89 |    87 |   255 |   298 ||   790
Block: Shield            |       |       |       |       |   754 ||   754
